 Dungeon Crawl Stone Soup version 0.31-a0-524-g2a164cf6a2 (webtiles) character file.

Game seed: 7720865891304158728

1870 AdnanSaban the Basher (level 9, -1/55 HPs)
             Began as a Gargoyle Fighter on Aug 12, 2023.
             Was a Believer of Okawaru.
             Slain by a kobold brigand
             ... wielding a +0 dagger
              (6 damage)
             ... on level 7 of the Dungeon.
             The game lasted 00:05:24 (5231 turns).

AdnanSaban the Basher (Gargoyle Fighter)            Turns: 5231, Time: 00:05:25

Health: -1/55      AC: 29    Str: 25    XL:     9   Next: 13%
Magic:  7/9        EV: 21    Int:  8    God:    Okawaru [**....]
Gold:   352        SH:  6    Dex:  9    Spells: 8/8 levels left

rFire   . . .        a - +0 flail
rCold   . . .        c - +0 buckler
rNeg    + . .        q - +0 crystal plate armour
rPois   ∞            f - +0 helmet
rElec   +            (no cloak)
rCorr   +            (no gloves)
SInv    .            (no boots)
Will    .....        y - amulet of the acrobat
Stlth   x              - ring of resist corrosion
HPRegen 0.29/turn    (no ring)
MPRegen 0.11/turn

%: acrobat
@: heroic, acrobatic
A: sickness immunity, AC +6, negative energy resistance 1, electricity
resistance, torment resistance 1, petrification resistance
a: Renounce Religion, Heroism


You were on level 7 of the Dungeon.
You worshipped Okawaru.
Okawaru was pleased with you.
You visited 2 branches of the dungeon, and saw 8 of its levels.

You collected 352 gold pieces.

Inventory:

Hand Weapons
 a - a +0 flail (weapon)
Missiles
 v - 3 poisoned darts (quivered)
 G - 3 throwing nets
Armour
 c - a +0 buckler (worn)
 f - a +0 helmet (worn)
 q - a +0 crystal plate armour (worn)
Jewellery
 h - a ring of fire
 x - a ring of resist corrosion (left hand)
 y - an amulet of the acrobat (around neck)
Wands
 b - a wand of roots (33)
 z - a wand of mindburst (13)
 A - a wand of paralysis (9)
 F - a wand of digging (2)
Scrolls
 e - a scroll of poison {unknown}
 i - a scroll of immolation {unknown}
 k - 3 scrolls of amnesia {unknown}
 l - 5 scrolls of identify {unknown}
 o - 2 scrolls of fear {unknown}
 p - a scroll of silence {unknown}
 r - a scroll of enchant armour {unknown}
 s - a scroll of revelation {unknown}
 u - 2 scrolls of blinking {unknown}
 w - a scroll of noise {unknown}
 D - 3 scrolls of teleportation {unknown}
Potions
 d - 2 potions of might
 g - 3 potions of curing {unknown}
 j - a potion of invisibility {unknown}
 m - 5 potions of haste {unknown}
 n - a potion of enlightenment {unknown}
 t - a potion of berserk rage {unknown}
 B - a potion of heal wounds {unknown}
 C - a potion of mutation {unknown}
 E - a potion of resistance {unknown}


   Skills:
 + Level 5.9(10.9) Fighting
 + Level 8.1(13.1) Maces & Flails
 + Level 7.0(12.0) Armour
 + Level 0.6(5.6) Dodging
 + Level 0.4(5.4) Stealth
 + Level 5.5(10.5) Shields


You had 8 spell levels left.
You didn't know any spells.
Your spell library contained the following spells:

 Spells                   Type           Power      Damage    Failure   Level
 Magic Dart               Conj           0%         1d3       100%        1
 Searing Ray              Conj           0%         2d4       100%        2
 Static Discharge         Conj/Air       0%         2-2/arc   100%        2
 Mephitic Cloud           Conj/Pois/Air  0%         N/A       100%        3
 Sticky Flame             Conj/Fire      0%         2d3       100%        4
 Call Imp                 Summ           Unusable   N/A       N/A         2

Dungeon Overview and Level Annotations

Branches:
Dungeon (7/15)             Temple (1/1) D:4

Altars:
Ashenzari
Dithmenos
Elyvilon
Hepliaklqana
Kikubaaqudgha
Makhleb
Nemelex Xobeh
Okawaru
Sif Muna
Trog
Uskayaw
Vehumet
Xom
Yredelemnul
Zin
The Shining One

Annotations:
D:4 exclusion: statue


Innate Abilities, Weirdness & Mutations

You are immune to sickness and miasma.
Your stone body is resilient. (AC +6)
You are immune to poison.
You resist negative energy. (rN+)
You are resistant to electric shocks. (rElec)
You are resistant to unholy torment.
You are immune to petrification.


Message History

You block the wight's attack.
You hit the wight but do no damage.
The wight is moderately damaged.
You block the wight's attack.
You hit the wight.
The wight is heavily damaged.
The wight barely misses you.
You closely miss the wight.
The wight is heavily damaged.
The wight hits you but does no damage.
You sock the wight!
You destroy the wight!
Okawaru accepts your kill.
You closely miss the wight. The wight hits you but does no damage.
A kobold comes into view. It is wielding a +0 short sword.
You hit the wight but do no damage. The wight hits you but does no damage.
You closely miss the wight. The wight completely misses you.
You gain the combat prowess of a mighty hero.
A kobold comes into view. It is wielding a +0 club.
The wight hits you but does no damage.
You barely miss the wight.
The kobold shouts!
You hit the wight.
The wight is lightly damaged.
The wight hits you but does no damage.
You barely miss the wight.
The wight is lightly damaged.
The wight closely misses you.
You closely miss the wight.
The wight is lightly damaged.
The wight hits you but does no damage.
You hit the wight.
The wight is moderately damaged.
The wight hits you with a +6 dagger.
* * * LOW HITPOINT WARNING * * *
You sock the wight!
You destroy the wight!
Okawaru accepts your kill.
The kobold brigand hits you with a +0 dagger.
You die...

##################
........#.K...KK.#
##....#.#.######.#
#.........# #.#
#.K.##.### #z#
##K###.# #.# #KzK..#
#K# #@##### ##K## #'#
##...## #...#
####.....# #.....#
#......... #.......#
#.#......# #.........#
#..<....##
+.........+...........
#.........###....#####
##.......## #.#.##


You could see a kobold brigand, a wight and 3 kobolds.

Vanquished Creatures
  A water moccasin (D:5)
  A sky beast (D:6)
  4 black bears (D:5)
  An ice beast (D:4)
  An ogre (D:4)
  2 phantoms
  A scorpion (D:5)
  2 wights (D:7)
  3 crimson imps (D:4)
  6 hounds
  A gnoll bouda (D:6)
  An orc priest (D:5)
  3 sleepcaps
  2 iguanas
  14 gnolls
  11 adders
  A shadow imp (D:6)
  A white imp (D:4)
  An ufetubus (D:6)
  4 orcs (D:5)
  8 ball pythons
  9 bats
  9 endoplasms
  4 giant cockroaches
  8 goblins
  4 hobgoblins
  4 jackals (D:1)
  10 kobolds
  A quokka (D:5)
  5 frilled lizards
  5 rats
128 creatures vanquished.

Notes
Turn   | Place    | Note
-------+----------+-------------------------------------------
     0 | D:1      | AdnanSaban the Gargoyle Fighter began the quest for the
                  | Orb.
     0 | D:1      | Reached XP level 1. HP: 14/14 MP: 1/1
   101 | D:1      | Reached XP level 2. HP: 19/19 MP: 2/2
   416 | D:1      | Found a faded altar of an unknown god.
   465 | D:1      | Reached XP level 3. HP: 20/23 MP: 3/3
   795 | D:2      | Identified the +0 helmet of Kioc {Harm Rampage Dex+2}
  1115 | D:2      | Reached XP level 4. HP: 29/29 MP: 4/4
  1287 | D:3      | Reached skill level 3 in Maces & Flails
  1715 | D:3      | Reached XP level 5. HP: 25/33 MP: 5/5
  1869 | D:3      | Found a white marble altar of Elyvilon.
  2176 | D:3      | Found a glowing golden altar of the Shining One.
  2263 | D:4      | Found a staircase to the Ecumenical Temple.
  2279 | Temple   | Entered the Ecumenical Temple
  2291 | Temple   | Became a worshipper of Warmaster Okawaru
  2309 | D:4      | Got the Almanac of Energy
  2437 | D:4      | Reached skill level 5 in Armour
  2437 | D:4      | Reached XP level 6. HP: 32/38 MP: 6/6
  2541 | D:4      | Reached skill level 4 in Maces & Flails
  2714 | D:4      | Reached XP level 7. HP: 43/43 MP: 7/7
  2774 | D:4      | Found a hide-covered altar of Uskayaw.
  2790 | D:4      | Found a burning altar of Makhleb.
  2803 | D:4      | Reached skill level 5 in Maces & Flails
  3074 | D:4      | Found a shimmering altar of Xom.
  3123 | D:4      | Reached * piety under Okawaru
  3182 | D:4      | Found a radiant altar of Vehumet.
  3242 | D:5      | Entered Level 5 of the Dungeon
  3362 | D:5      | Reached skill level 6 in Maces & Flails
  3512 | D:5      | Reached XP level 8. HP: 43/48 MP: 8/8
  3543 | D:5      | Reached skill level 5 in Fighting
  3849 | D:5      | Reached skill level 7 in Maces & Flails
  3890 | D:5      | Reached ** piety under Okawaru
  3984 | D:5      | Found a basalt altar of Yredelemnul.
  4213 | D:6      | Noticed a two-headed ogre
  4476 | D:6      | Reached skill level 5 in Shields
  5090 | D:6      | Reached XP level 9. HP: 55/55 MP: 9/9
  5107 | D:6      | Reached skill level 8 in Maces & Flails
  5213 | D:7      | HP: 2/55 [wight/+3 dire flail (5)]
  5231 | D:7      | Slain by a kobold brigand

Illustrated notes

Levels and vault maps discovered:
D:1:      elethiomel_arrival_infinity_welcomes_careful_drivers, layout_basic,
          shapermc_ecumenical_altar_gd, minmay_domino_2
D:2:      layout_rooms
D:3:      layout_basic, mainiacjoe_overflow_brackets, tso_altar
D:4:      layout_loops_corners, vehumet_statue, led_xom_imps,
          nicolae_overflow_hidden_temple, mainiacjoe_overflow_paths,
          minmay_temple_entry_antechambers
D:5:      layout_basic, lemuel_tele_altar, hangedman_abyss_or_decor_stagger
D:6:      layout_loops_cross
D:7:      layout_loops_corners
Temple:   dpeg_three_leaves_temple

Skill      XL: |  1  2  3  4  5  6  7  8  9 |
---------------+----------------------------+-----
Armour         | 4 5 6 7 |  7.0
Maces & Flails | 3 4 6 7 8 |  8.1
Fighting       | 4 5 |  5.9
Shields        | 4 5 |  5.5
Dodging        | |  0.6
Stealth        | |  0.4

Action                     |  1- 3 |  4- 6 |  7- 9 || total
---------------------------+-------+-------+-------++-------
  Melee: Flail             |   113 |   177 |   265 ||   555
  Throw: Dart              |       |       |     3 ||     3
 Invoke: Heroism           |       |       |     1 ||     1
 Armour: Scale mail        |   104 |     5 |       ||   109
         Crystal plate arm |       |   183 |   280 ||   463
  Dodge: Dodged            |    62 |    35 |   100 ||   197
  Block: Buckler           |    32 |    46 |    70 ||   148

Table legend: (Time is in decaauts)
 A = Elapsed time spent in this place.
 B = Non-inter-level travel time spent in this place.
 C = Inter-level travel time spent in this place.
 D = Time resting spent in this place.
 E = Time spent auto-exploring this place.
 F = Levels seen in this place.
 G = Mean time per level.
                   A        B        C        D        E       F      G
               +--------+--------+--------+--------+--------+-----+--------+
         Total |   5333 |   5139 |    194 |    143 |   3727 |   8 |  666.6 |
       Dungeon |   5311 |   5126 |    185 |    143 |   3727 |   7 |  758.7 |
        Temple |     22 |     13 |      9 |      0 |      0 |   1 |   22.0 |
               +--------+--------+--------+--------+--------+-----+--------+

Top non-repeatable levels by time:
     D:5: 1238 daAuts
     D:4: 1028 daAuts
     D:3: 964 daAuts
     D:1: 788 daAuts
     D:6: 720 daAuts
     D:2: 524 daAuts
     D:7: 46 daAuts
  Temple: 22 daAuts
